 Dungeon Crawl Stone Soup version 0.30-a0-1160-g6e42c06551 (webtiles) character file.

Game seed: 14034752493755598241

4136 LustLizard the Slicer (level 10, -5/63 HPs)
             Began as a Kobold Brigand on Apr 25, 2023.
             Was a Believer of Wu Jian.
             Succumbed to a green ugly thing's poison
             ... on level 8 of the Dungeon.
             The game lasted 00:18:57 (8360 turns).

LustLizard the Slicer (Kobold Brigand)              Turns: 8360, Time: 00:18:58

Health: -5/63      AC:  3    Str: 10    XL:     10   Next: 51%
Magic:  10/10      EV: 21    Int: 13    God:    Wu Jian [**....]
Gold:   588        SH:  0    Dex: 25    Spells: 9/9 levels left

rFire   . . .        x - +3 dagger (speed)
rCold   . . .        (no shield)
rNeg    . . .        b - +0 robe
rPois   .            (no helmet)
rElec   .            c - +0 cloak
rCorr   .            (no gloves)
SInv    .            (no boots)
Will    .....        (no amulet)
Stlth   ++++++       k - +6 ring of dexterity
HPRegen 0.30/turn    t - ring of flight
MPRegen 0.12/turn

%: no passive effects
@: lethally poisoned (-5 -> -55), attractive, flying, invisible
A: small, no large weapons, nightstalker 3
a: Renounce Religion, Wall Jump


You were on level 8 of the Dungeon.
You worshipped Wu Jian.
Wu Jian was pleased with you.
You visited 2 branches of the dungeon, and saw 9 of its levels.
You also visited: Sewer.

You collected 588 gold pieces.

Inventory:

Hand Weapons
 s - a +1 dagger of holy wrath
 x - a +3 dagger of speed (weapon)
Missiles
 d - 19 poisoned darts (quivered)
 e - 6 curare-tipped darts
 v - a throwing net
 y - 3 atropa-tipped darts
Armour
 b - a +0 robe (worn)
 c - a +0 cloak (worn)
 D - a +0 pair of boots
Jewellery
 k - a +6 ring of dexterity (left hand)
 o - a ring of resist corrosion
 t - a ring of flight (right hand)
Scrolls
 a - 3 scrolls of teleportation
 f - 3 scrolls of amnesia {unknown}
 g - 2 scrolls of butterflies
 h - a scroll of silence {unknown}
 l - 3 scrolls of enchant armour {unknown}
 m - 2 scrolls of immolation {unknown}
 q - 2 scrolls of blinking {unknown}
 A - a scroll of noise {unknown}
 B - 3 scrolls of enchant weapon
 C - a scroll of vulnerability {unknown}
 G - a scroll of fog {unknown}
 H - a scroll of fear {unknown}
Potions
 j - a potion of heal wounds
 n - a potion of resistance
 p - 2 potions of invisibility
 r - 3 potions of mutation
 u - 2 potions of curing {unknown}
 w - 3 potions of haste
 z - a potion of lignification {unknown}
 E - a potion of brilliance {unknown}
 F - a potion of magic {unknown}
 I - a potion of attraction
 J - a potion of cancellation {unknown}


   Skills:
 + Level 7.1 Fighting
 * Level 11.9 Short Blades
 - Level 5.0 Throwing
 + Level 7.4 Dodging
 + Level 10.3 Stealth


You had 9 spell levels left.
You didn't know any spells.
Your spell library contained the following spells:

 Spells                   Type           Power      Damage    Failure   Level
 Slow                     Hex            0%         N/A       30%         1
 Static Discharge         Conj/Air       0%         2-2/arc   43%         2
 Airstrike                Air            0%         2d(0-16)  97%         4
 Summon Lightning Spire   Summ/Air       0%         N/A       97%         4


Dungeon Overview and Level Annotations

Branches:
Dungeon (8/15)             Temple (1/1) D:5            Lair (0/5) D:8
  Sewer (visited)

Altars:
Ashenzari
Cheibriados
Dithmenos
Elyvilon
Gozag
Hepliaklqana
Kikubaaqudgha
Nemelex Xobeh
Okawaru
Qazlal
Ru
Sif Muna
Trog
Uskayaw
Vehumet
Wu Jian
Zin
The Shining One


Innate Abilities, Weirdness & Mutations

You are small and have problems with some larger weapons.
You are completely attuned to the shadows.


Message History

Throw: 22 darts (poison)
Press: ? - help, Q - select action, (/) - cycle Shift-Dir - straight line, f/p - green ugly thing
Aim: a green ugly thing (almost dead, very poisoned, 69% to hit)
You throw a poisoned dart.
The poisoned dart hits the green ugly thing.
The green ugly thing looks even sicker.
The green ugly thing is almost dead.
Throw: 21 darts (poison)
Press: ? - help, Q - select action, (/) - cycle Shift-Dir - straight line, f/p - green ugly thing
Aim: a green ugly thing (almost dead, very poisoned, 69% to hit)
You throw a poisoned dart.
The poisoned dart hits the green ugly thing.
The green ugly thing is almost dead.
The gnoll sergeant hits you from afar with a +1 heavy spear!
The green ugly thing pecks you.
You are poisoned.
The green ugly thing poisons you!
Throw: 20 darts (poison)
Press: ? - help, Q - select action, (/) - cycle Shift-Dir - straight line, f/p - green ugly thing
Aim: a green ugly thing (almost dead, very poisoned, 69% to hit)
You throw a poisoned dart.
The poisoned dart hits the green ugly thing.
The green ugly thing is almost dead.
You feel very sick.
A gnoll comes into view. It is wielding a +0 spear.
The green ugly thing pecks you.
You are lethally poisoned!
The green ugly thing poisons you!
It was a potion of attraction.
You feel attractive to monsters.
You feel extremely sick.
The gnoll sergeant hits you from afar with a +1 heavy spear!!
* * * LOW HITPOINT WARNING * * *
A gnoll comes into view. It is wielding a +0 spear.
The gnoll completely misses you. The green ugly thing pecks you.
* * * LOW HITPOINT WARNING * * *
The gnoll is attracted toward you. x2
It was a potion of invisibility.
You fade into invisibility!
You die...

#.......# #..###.#.#.#####.
####'##.#####....#.#.#.#####.
.............................
####.##......<.....#.#.#####.
####.###############.#.#####.
........############+#.......
.....)...........##...#######
.................##..........
........((gu@))).##...###....
..o......ggg.....##...# #.###
§........##...# #.# #
#§.....######## #.# #
...>...# #.# #
.....##########.# #
#......... ...#.#
....)########.#.###
#.................)


You could see a green ugly thing (unable to see you, very poisoned), a gnoll
sergeant (unable to see you) and 3 gnolls.

Vanquished Creatures
  A two-headed ogre (D:7)
  A hornet (D:8)
  Prince Ribbit (D:5)
  A wyvern (D:7)
  A steam dragon (D:8)
  A water moccasin (D:7)
  2 ice beasts
  An orc warrior (D:8)
  A black bear (D:6)
  2 ogres (D:5)
  A sky beast (D:7)
  3 centaurs
  A phantom (D:5)
  4 kobold brigands
  A bullfrog (D:7)
  3 scorpions
  8 wights
  2 howler monkeys
  5 jellies
  5 hounds
  An orc priest (D:2)
  8 iguanas
  5 orc wizards
  2 river rats (Sewer)
  11 adders
  An ufetubus (D:5)
  A worm (D:2)
  A dart slug (D:2)
  20 orcs
  13 ball pythons
  5 bats
  9 endoplasms
  8 giant cockroaches
  7 goblins
  6 hobgoblins
  14 jackals
  11 quokkas
  5 frilled lizards
  13 kobolds
  4 rats
190 creatures vanquished.

Vanquished Creatures (others)
  4 plants
4 creatures vanquished.

Grand Total: 194 creatures vanquished

Notes
Turn   | Place    | Note
-------+----------+-------------------------------------------
     0 | D:1      | LustLizard the Kobold Brigand began the quest for the Orb.
     0 | D:1      | Reached XP level 1. HP: 12/12 MP: 1/1
   133 | D:1      | Reached skill level 3 in Short Blades
   136 | D:1      | Reached XP level 2. HP: 18/18 MP: 2/2
   466 | D:1      | Reached XP level 3. HP: 22/22 MP: 3/3
  1219 | D:2      | Reached XP level 4. HP: 27/27 MP: 4/4
  1262 | D:2      | Reached skill level 4 in Short Blades
  1728 | D:3      | Reached XP level 5. HP: 32/32 MP: 5/5
  1848 | D:3      | Found a white marble altar of Elyvilon.
  3275 | D:4      | Reached skill level 5 in Short Blades
  3275 | D:4      | Reached XP level 6. HP: 35/37 MP: 6/6
  3817 | D:4      | Found a shimmering blue altar of Sif Muna.
  3831 | D:4      | Got Sif Muna's Secrets of Doom
  4002 | D:4      | Found a glowing silver altar of Zin.
  4041 | D:4      | Reached XP level 7. HP: 41/41 MP: 7/7
  4109 | D:5      | Entered Level 5 of the Dungeon
  4114 | D:5      | Reached skill level 6 in Short Blades
  4117 | D:5      | Found a staircase to the Ecumenical Temple.
  4545 | D:5      | Reached skill level 7 in Short Blades
  4545 | D:5      | Reached XP level 8. HP: 48/48 MP: 8/8
  4568 | Temple   | Entered the Ecumenical Temple
  4573 | Temple   | Became a worshipper of the Wu Jian Council
  4881 | D:5      | Noticed Prince Ribbit
  4898 | D:5      | Killed Prince Ribbit
  5253 | D:6      | Reached skill level 8 in Short Blades
  5304 | D:6      | Found a radiant altar of Vehumet.
  5305 | D:6      | Found a sacrificial altar of Ru.
  5515 | D:6      | Reached skill level 5 in Throwing
  5645 | D:6      | Found a glowing drain.
  5650 | Sewer    | Entered a sewer
  5669 | Sewer    | Reached * piety under Wu Jian
  5718 | Sewer    | Reached skill level 5 in Fighting
  5874 | Sewer    | Reached XP level 9. HP: 47/54 MP: 9/9
  5913 | Sewer    | Reached skill level 5 in Dodging
  6255 | D:6      | Reached skill level 9 in Short Blades
  7022 | D:7      | Reached skill level 10 in Short Blades
  7024 | D:7      | Reached ** piety under Wu Jian
  7203 | D:7      | Found a stormy altar of Qazlal.
  7242 | D:7      | Noticed a two-headed ogre
  7341 | D:7      | Found a broken altar of Ashenzari.
  7470 | D:7      | Reached XP level 10. HP: 54/61 MP: 10/10
  7764 | D:7      | Killed a two-headed ogre
  7765 | D:7      | Reached skill level 11 in Short Blades
  7765 | D:7      | Reached skill level 10 in Stealth
  7910 | D:8      | Noticed a green ugly thing
  8301 | D:8      | Found a staircase to the Lair.
  8360 | D:8      | Succumbed to a green ugly thing's poison

Illustrated notes

Levels and vault maps discovered:
D:1:      roderic_chinese_lattice_arrival, layout_basic,
          hangedman_abyss_or_decor_lesser_grid, minmay_pentomino_v4
D:2:      layout_rooms, serial_forest, infiniplex_forest_corner_1,
          infiniplex_forest_straight_2, infiniplex_forest_fountain,
          infiniplex_forest_clump_medium, infiniplex_forest_corner_2,
          infiniplex_forest_clump_C, minivault_11
D:3:      layout_basic, elyvilon_altar_5, serial_curves, eino_curves_01,
          eino_curves_01, eino_curves_02
D:4:      layout_loops_ring, zin_treasury, led_sif_book
D:5:      layout_loops_cross, minmay_temple_entry_waves,
          minmay_stone_trees_medium, uniq_prince_ribbit1
D:6:      layout_cave_pods, gammafunk_temple_overflow_statue,
          portal_sewer_entry_e
D:7:      layout_cave_pools, mainiacjoe_overflow_small_starburst,
          evilmike_ruin_ashenzari, minmay_fractal_squares_5
D:8:      layout_basic, led_xom_imps, makhleb_altar_promises_db,
          lair_entry_dummy, kennysheep_small_circle
Temple:   minmay_freezing_vapour_temple

Skill      XL: |  1  2  3  4  5  6  7  8  9 10 |
---------------+-------------------------------+-----
Short Blades   | 3 4 5 7 8 10 11 | 11.9
Fighting       | 3 4 5 6 7 |  7.1
Throwing       | 3 4 5 |  5.0
Dodging        | 2 3 4 6 7 |  7.4
Stealth        | 6 7 8 9 10 | 10.3

Action                     |  1- 3 |  4- 6 |  7- 9 | 10-12 || total
---------------------------+-------+-------+-------+-------++-------
  Melee: Dagger            |    56 |   113 |   344 |    75 ||   588
         Punch             |       |     1 |     6 |       ||     7
  Throw: Dart              |     2 |     8 |     9 |    23 ||    42
         Throwing net      |       |       |       |     1 ||     1
Ability: Lunge             |       |       |    37 |     5 ||    42
         Whirlwind         |       |       |     8 |       ||     8
         Wall Jump         |       |       |       |     1 ||     1
    Use: Scroll            |     1 |     3 |     2 |     3 ||     9
         Potion            |       |       |       |     5 ||     5
   Stab: Sleeping          |    20 |    26 |    44 |     8 ||    98
         Distracted        |       |       |     1 |     1 ||     2
         Held in net/web   |       |       |       |     1 ||     1
 Armour: Robe              |     6 |    10 |    13 |     6 ||    35
  Dodge: Dodged            |    15 |    50 |   103 |    48 ||   216

Table legend: (Time is in decaauts)
 A = Elapsed time spent in this place.
 B = Non-inter-level travel time spent in this place.
 C = Inter-level travel time spent in this place.
 D = Time resting spent in this place.
 E = Time spent auto-exploring this place.
 F = Levels seen in this place.
 G = Mean time per level.
                   A        B        C        D        E       F      G
               +--------+--------+--------+--------+--------+-----+--------+
         Total |   8096 |   7583 |    513 |    658 |   5305 |  10 |  809.6 |
       Dungeon |   7571 |   7062 |    509 |    647 |   4950 |   8 |  946.4 |
        Temple |     10 |      6 |      4 |      0 |      0 |   1 |   10.0 |
         Sewer |    513 |    513 |      0 |     11 |    355 |   1 |  513.0 |
               +--------+--------+--------+--------+--------+-----+--------+

Top non-repeatable levels by time:
     D:3: 1276 daAuts
     D:6: 1235 daAuts
     D:4: 1016 daAuts
     D:1: 1002 daAuts
     D:5: 906 daAuts
     D:2: 868 daAuts
     D:7: 833 daAuts
   Sewer: 513 daAuts
     D:8: 431 daAuts
  Temple: 10 daAuts
